 Dungeon Crawl Stone Soup version 0.29-a0-284-gf9362112df (webtiles) character file.

Game seed: 5553534027689502720

519718 cojito the Slayer (level 24, -2/226 (228) HPs)
             Began as a Palentonga Berserker on Mar 30, 2022.
             Was the Champion of Trog.
             Slain by a death cob (15 damage)
             ... on level 1 of the Realm of Zot.
             The game lasted 01:43:03 (65383 turns).

cojito the Slayer (Palentonga Berserker)           Turns: 65383, Time: 01:43:03

HP:   -2/226 (228)  AC: 52    Str: 29 (30) XL:     24   Next: 7%
MP:   7/7           EV:  6    Int: 13 (16) God:    Trog [******]
Gold: 1939          SH:  0    Dex: 19 (21) Spells: 23/23 levels left

rFire   + + +      SeeInvis +   a - +8 executioner's axe (antimagic)
rCold   + + .      Faith    .   (shield currently unavailable)
rNeg    + . .      Spirit   .   R - +9 gold dragon scales of the Clam {*Slow rPois rF+ rC+ Will+ Dex+2 Stlth+}
rPois   +          Reflect  .   Q - +2 helmet
rElec   +          Harm     .   N - scarf {repulsion}
rCorr   +          Rampage  .   E - +2 pair of gloves "Zuloth" {Stlth+}
Will    ++...                   o - +6 barding of Free Expression {rN+ Int+6}
Stlth   ..........              w - amulet "Viasog" {Regen+ Dex+3}
HPRegen 1.27/turn               I - ring of Luuzew {Wiz rElec Dex+4}
MPRegen 0.10/turn               U - ring of the Camelopard {rF++ rC+ rCorr}

@: about to teleport, corroded, on berserk cooldown, hasted and slowed,
constricted, lightly drained, invisible, repel missiles, curled up
A: large, rugged brown scales 3, see invisible, deformed body, roll 1, armoured
tail, reflexive curl, thin skeletal structure 1
}: 3/15 runes: decaying, serpentine, silver
a: Rolling Charge, Renounce Religion, Berserk, Trog's Hand, Brothers in Arms


You were on level 1 of the Realm of Zot.
You worshipped Trog.
Trog was exalted by your worship.
You visited 9 branches of the dungeon, and saw 45 of its levels.
You visited 1 bazaar.
You also visited: Ossuary and Ice Cave.

You collected 5990 gold pieces.
You spent 4051 gold pieces at shops.

Inventory:

Hand Weapons
 a - a +8 antimagic executioner's axe (weapon)
 f - the +11 battleaxe "Jellybane" {flame, Fly rF+ Str+5 Int-5}
   (Trog gifted it to you on level 5 of the Vaults)

   It burns those it strikes, dealing additional fire damage.
   Big, fiery blades are also staple armaments of hydra-hunters.
   Str:       It affects your strength (+5).
   Int:       It affects your intelligence (-5).
   rF:        It protects you from fire.
   Fly:       It grants you flight.
 G - a +7 executioner's axe of freezing
Armour
 o - the +6 barding of Free Expression (worn) {rN+ Int+6}
   (You acquired it on level 7 of the Dungeon)

   Int:       It affects your intelligence (+6).
   rN:        It protects you from negative energy.
 E - the +2 pair of gloves "Zuloth" (worn) {Stlth+}
   (You found it on level 13 of the Dungeon)

   Stlth:     It makes you more stealthy.
 N - a scarf of repulsion (worn)
 Q - a +2 helmet (worn)
 R - the +9 gold dragon scales of the Clam (worn) {*Slow rPois rF+ rC+ Will+ Dex+2 Stlth+}
   (You took it off a death knight on level 11 of the Dungeon)

   Dex:       It affects your dexterity (+2).
   rF:        It protects you from fire.
   rC:        It protects you from cold.
   rPois:     It protects you from poison.
   *Slow:     It may slow you when you take damage.
   Will:      It increases your willpower.
   Stlth:     It makes you more stealthy.
Jewellery
 c - a +6 ring of strength
 u - a ring of fire
 w - the amulet "Viasog" (around neck) {Regen+ Dex+3}
   (You found it on level 13 of the Dungeon)

   [amulet of regeneration]

   Dex:       It affects your dexterity (+3).
   Regen:     It increases your rate of health regeneration.
 y - a ring of protection from fire
 I - the ring of Luuzew (left hand) {Wiz rElec Dex+4}
   (You bought it in a shop on level 2 of the Snake Pit)

   [ring of wizardry]

   It improves your spell success rate.
   Dex:       It affects your dexterity (+4).
   rElec:     It insulates you from electricity.
 J - a ring of willpower
 U - the ring of the Camelopard (right hand) {rF++ rC+ rCorr}
   (You bought it in a shop on level 2 of the Snake Pit)

   [ring of resist corrosion]

   rF:        It greatly protects you from fire.
   rC:        It protects you from cold.
   rCorr:     It protects you from acid and corrosion.
 X - a ring of positive energy
Wands
 i - a wand of iceblast (22)
 s - a wand of acid (20)
 t - a wand of polymorph (6)
 H - a wand of digging (28)
 M - a wand of flame (8)
Scrolls
 g - 9 scrolls of teleportation
 k - 5 scrolls of immolation
 m - 8 scrolls of fog
 n - a scroll of magic mapping
 q - a scroll of blinking
 r - a scroll of summoning
 x - 6 scrolls of holy word
 B - 3 scrolls of fear
 L - 4 scrolls of silence
 S - 8 scrolls of enchant armour
 W - 21 scrolls of identify
Potions
 b - a potion of resistance
 d - 5 potions of ambrosia
 h - 9 potions of flight
 j - 5 potions of magic
 v - 10 potions of lignification
 z - 3 potions of curing
 A - 11 potions of mutation
 C - 3 potions of berserk rage
 D - 5 potions of cancellation
 F - 3 potions of haste
 K - 4 potions of brilliance {unknown}
 T - 5 potions of might
 Y - 2 potions of invisibility
Miscellaneous
 e - a tin of tremorstones (2/2)
 l - a lightning rod (4/4)
 p - a box of beasts (inert)
 O - a piece from Xom's chessboard (15/15)
 Z - a condenser vane


   Skills:
 + Level 23.0 Fighting
 + Level 22.9 Axes
 + Level 18.6 Armour
 - Level 12.6 Dodging
 + Level 16.3 Evocations


You had 23 spell levels left.
You didn't know any spells.
Your spell library was empty.

Dungeon Overview and Level Annotations

Branches:
Dungeon (15/15)            Temple (0/1) D:4            Lair (6/6) D:9
  Swamp (4/4) Lair:4        Snake (4/4) Lair:3        Slime (0/5) Lair:5
    Orc (2/2) D:9             Elf (3/3) Orc:2        Vaults (5/5) D:13
  Crypt (0/3) Vaults:3     Depths (4/4) D:15            Zot (2/5) Depths:4
Ossuary (visited)           IceCv (visited)

Altars:
Cheibriados
Dithmenos
Hepliaklqana
Kikubaaqudgha
Nemelex Xobeh
Okawaru
Sif Muna
Uskayaw
Vehumet
Wu Jian
Xom
Zin
The Shining One
Beogh
Jiyva
Lugonu

Shops:
D:3 (   D:7 ?:   D:11 *   D:14 (*   D:15 =   Orc:2 [:*(   Elf:1 !   Elf:3 (
Snake:2 ::=   Vaults:3 (   Vaults:4 :

Portals:
Hell: Depths:1 Depths:2 Depths:3 Depths:4
Abyss: Lair:6 Depths:2 Depths:4
Pandemonium: Depths:1 Depths:2
Ziggurat: Depths:1
Trove: Depths:4 (show slimy rune of Zot)

Annotations:
D:10 exclusion: door
D:11 2 runed translucent doors
Lair:1 exclusion: 4 oklob plants
Snake:4 Roxanne
Zot:1 Vv


Innate Abilities, Weirdness & Mutations

You are completely covered in rugged brown scales. (AC +3, +7% HP)
You have supernaturally acute eyesight. (SInv)
Armour fits poorly on your strangely shaped body.
You can roll at nearby foes to attack.
You have a long armoured tail.
You curl defensively after being hit. (AC +7*)
You have a somewhat thin skeletal structure. (Dex +2, Stealth+)


Message History

The death cob barely misses you.
The death cob hits you but does no damage.
The storm dragon misses you.
The storm dragon claws you but does no damage.
The storm dragon tramples you but does no damage.
The yellow draconian annihilator casts a spell at you.
The bolt of lightning misses you.
The bolt of lightning hits the storm dragon.
The storm dragon completely resists.
The yellow draconian annihilator's attack snaps the storm dragon out of its fear.
The death cob hits you but does no damage.
The death cob hits you!
* * * LOW HITPOINT WARNING * * *
The death cob drains your vigour!
You feel as though you will be slow longer.
A black draconian comes into view. It is wielding a +0 broad axe.
The tentacled monstrosity tentacle-slaps you!
* * * LOW HITPOINT WARNING * * *
The tentacled monstrosity tentacle-slaps you but does no damage. x2
The tentacled monstrosity grabs you.
The tentacled monstrosity constricts you!
* * * LOW HITPOINT WARNING * * *
The golden dragon breathes fire at you.
The bolt of fire is repelled.
The yellow draconian gibbers meaninglessly.
The storm dragon bites you!
* * * LOW HITPOINT WARNING * * *
The storm dragon closely misses you.
The storm dragon tramples you but does no damage.
The storm dragon bites you but does no damage.
The storm dragon claws you.
* * * LOW HITPOINT WARNING * * *
The storm dragon tramples you but does no damage.
Okay, then.
Unknown command.
You feel better.
The storm dragon roars deafeningly! x2; The black draconian roars!
The death cob hits you but does no damage. x2
The death cob hits you!
You die...

.....d. ...#
#''''d# d..#
.##..q..##.D.#
.'..>XyX.'...#
.'..qX≈⌠.'..d#
.'D≈≈8≈≈.'...#
.'.⌠≈≈DzD'...#
.'..q≈D@XX..#
.##...qz##D.#
#''''y# #
.........
...^.....
Dy...#####
#####


You could see a shadow dragon (catching breath), 5 tentacled monstrosities, a
black draconian knight (invisible, can't see you), a golden dragon (catching
breath), 5 storm dragons, 2 draconians, 2 draconians, 2 draconians, 2 death
cobs, a yellow draconian annihilator (can't see you) and 3 moths of wrath.

Vanquished Creatures
  2 ancient liches
  A Killer Klown (Zot:1)
  Margery (Vaults:4)
  2 golden dragons (Depths:4)
  Jory (Vaults:4)
  Zenata (Vaults:4)
  Rupert (Lair:5)
  6 liches
  A quicksilver dragon (Vaults:5)
  3 deep elf blademasters
  2 titans (Vaults:5)
  A walking frostbound tome (Depths:3)
  A sphinx (Depths:1)
  Frances (Elf:1)
  2 thorn hunters (Swamp:3)
  Kirke (D:14)
  Donald (Vaults:2)
  10 tengu reavers
  10 fire giants
  2 shadow dragons
  5 nagarajas
  A draconian knight (Depths:4)
  3 storm dragons (Vaults:5)
  An azure jelly (shapeshifter) (Vaults:5)
  3 iron dragons
  7 frost giants
  16 vault wardens
  A draconian scorcher (Zot:1)
  8 deep elf sorcerers
  2 draconian shifters (Zot:1)
  Louise (D:14)
  A balrug (Depths:1)
  5 orc warlords
  Aizul (Snake:4)
  A juggernaut zombie (Depths:3)
  2 ghouls (Swamp:2)
  15 ironbound preservers
  23 very ugly things
  A draconian annihilator (Zot:1)
  7 deep elf elementalists (Elf:3)
  2 draconian stormcallers
  A war gargoyle (Vaults:5)
  6 ironbound thunderhulks
  11 stone giants
  2 vampire knights
  4 deep elf demonologists (Elf:3)
  3 eleionomae
  A green draconian (Zot:1)
  A black draconian (Zot:1)
  The ghost of Yteof the Thaumaturge, a journeyman DECj of Vehumet (D:13)
  3 deep elf annihilators
  An entropy weaver (Vaults:4)
  3 bunyips
  4 yellow draconians
  A purple draconian (Depths:4)
  2 white draconians (Depths:4)
  19 dire elephants
  4 red draconians (Zot:1)
  4 spark wasps
  9 deep elf death magi
  11 ettins
  The ghost of chopper the Blocker, a journeyman GnFi of Ashenzari (Elf:1)
  2 jiangshi (Depths:1)
  A merfolk impaler (Depths:3)
  Josephine (Orc:1)
  14 yaktaur captains
  10 fire dragons
  3 shambling mangroves
  17 naga warriors
  5 deep elf high priests
  12 rakshasas
  11 ice dragons
  5 salamander tyrants
  2 boulder beetles
  A great orb of eyes (Vaults:4)
  Harold (Lair:2)
  24 hydras
  32 vault guards
  9 ironbound frosthearts
  A peacekeeper (Vaults:2)
  2 ghost crabs (Swamp:3)
  3 spriggan air magi
  13 two-headed ogres
  4 death yaks
  9 anacondas
  32 dancing weapons
  13 centaur warriors
  2 ogre magi (Vaults:5)
  14 alligators
  2 death knights
  10 tengu warriors
  5 deep troll earth magi
  2 vampire magi
  5 deep troll shamans
  8 naga sharpshooters
  4 shock serpents
  4 orc high priests (Orc:2)
  2 sun demons (Depths:1)
  2 thrashing horrors (Lair:6)
  11 deep elf knights
  6 spriggan berserkers
  9 hell knights
  5 skeletal warriors (Vaults:3)
  A fire crab (shapeshifter) (Depths:3)
  A shadow wraith (Vaults:5)
  A spark wasp zombie (Depths:3)
  Amaemon (Lair:3)
  10 iron trolls
  7 goliath frogs
  Lodul (D:12)
  2 flayed ghosts (Depths:3)
  3 salamander mystics
  5 sea snakes (Snake:2)
  3 spriggan druids
  53 deep trolls
  13 naga ritualists
  4 glowing orange brains
  9 deep elf archers
  15 ironbound convokers
  10 swamp dragons
  4 lindwurms
  6 wizards
  Pikel (D:4)
  6 phantasmal warriors
  8 bog bodies
  12 necromancers
  A tengu zombie (Depths:3)
  4 harpies (Vaults:2)
  A lindwurm (shapeshifter) (Depths:2)
  9 orc sorcerers
  40 ugly things
  17 mana vipers
  28 deep elf pyromancers
  21 deep elf zephyrmancers
  22 salamanders
  17 orc knights
  2 tengu skeletons
  A shadow dragon skeleton (Vaults:3)
  2 will-o-the-wisps (Swamp:3)
  A moth of wrath (shapeshifter) (Elf:2)
  5 cyclopes
  A shining eye (shapeshifter) (Lair:6)
  12 elephants
  2 moths of wrath (Zot:1)
  5 manticores
  A centaur zombie (D:15)
  An iron dragon skeleton (Vaults:3)
  2 stone giant skeletons (Vaults:3)
  46 black mambas
  2 frost giant skeletons (Vaults:3)
  15 vault sentinels
  2 guardian serpents
  A torpor snail (Lair:6)
  5 gargoyles
  2 ice statues (IceCv)
  3 smoke demons (Lair:6)
  A black mamba (shapeshifter) (Elf:1)
  15 cane toads
  23 naga magi
  An orange demon (Lair:3)
  An unseen horror (D:11)
  3 centaur skeletons (D:15)
  3 rime drakes
  34 yaktaurs
  An efreet (D:11)
  A freezing wraith (Vaults:5)
  5 tengu conjurers
  A kobold demonologist (D:9)
  2 ice devils (D:11)
  2 elf skeletons (Vaults:3)
  2 human skeletons (Vaults:3)
  A yaktaur skeleton (Vaults:3)
  A hellwing (Depths:1)
  11 trolls
  13 komodo dragons
  A queen bee (shapeshifter) (Lair:6)
  An ancient zyme (Lair:6)
  3 meliai (D:14)
  4 polar bears
  A queen bee (Lair:2)
  6 tyrant leeches
  A wolf spider simulacrum (D:11)
  A human zombie (Vaults:4)
  Prince Ribbit (Lair:1)
  20 hornets
  21 blink frogs
  42 slime creatures
  4 dream sheep (Lair:6)
  A dream sheep (shapeshifter) (D:11)
  2 large abominations (Lair:6)
  8 water elementals
  2 air elementals
  A fire bat (shapeshifter) (D:12)
  2 wyverns
  3 ynoxinuls (Lair:6)
  20 spriggans
  6 wraiths
  55 yaks
  An ettin skeleton (Vaults:3)
  5 small abominations (Lair:6)
  11 basilisks
  A shadow (D:11)
  5 fire elementals
  4 hogs (D:14)
  A chaos spawn (D:14)
  3 redbacks (Vaults:4)
  12 vampire mosquitoes
  Edmund (D:4)
  A death yak simulacrum (IceCv)
  5 wargs
  A harpy simulacrum (IceCv)
  50 nagas
  4 acid dragons
  15 swamp worms
  Menkaure (D:5)
  11 water moccasins
  2 floating eyes
  A floating eye (shapeshifter) (Vaults:5)
  An ogre skeleton (Vaults:4)
  48 orc warriors
  5 swamp drakes (Swamp:4)
  An ice beast (D:5)
  A meliai simulacrum (D:15)
  5 sky beasts
  14 black bears
  13 ogres
  11 boggarts
  9 centaurs
  2 phantoms
  28 wolves
  7 kobold brigands
  3 earth elementals
  2 gnoll sergeants
  16 bullfrogs
  A scorpion (D:6)
  3 necrophages (Swamp:2)
  2 cane toad simulacra (IceCv)
  An elephant simulacrum (IceCv)
  30 killer bees
  5 howler monkeys
  2 jellies
  A jelly (shapeshifter) (Elf:3)
  A quasit (D:14)
  4 hounds
  4 gnoll shamans
  27 orc priests
  An iron imp (D:14)
  2 iguanas (D:6)
  16 orc wizards
  6 hell rats
  12 mummies (Ossuary)
  25 gnolls
  4 adders
  A white imp (D:6)
  4 ufetubi
  3 worms
  A dart slug (D:3)
  127 orcs
  12 bats
  4 endoplasms
  3 giant cockroaches
  11 goblins
  5 hobgoblins
  2 jackals (D:2)
  6 quokkas
  4 ball pythons
  A bat (shapeshifter) (Vaults:5)
  4 frilled lizards
  4 gnoll skeletons (Ossuary)
  A goblin skeleton (Ossuary)
  29 kobolds
  A kobold skeleton (Ossuary)
  2 orc skeletons (Ossuary)
  4 rats
  11 rat skeletons (Ossuary)
2028 creatures vanquished.

Vanquished Creatures (collateral kills)
  A Killer Klown (Zot:1)
  Saint Roka (Snake:4)
  Nikola (Snake:4)
  A draconian monk (Zot:1)
  A naga sharpshooter (Snake:1)
  A phantasmal warrior (Vaults:5)
  A moth of wrath (Zot:1)
  A cane toad (Lair:2)
  2 yaktaurs (Vaults:1)
  2 orc warriors (Snake:4)
  5 wolves
17 creatures vanquished.

Vanquished Creatures (others)
  A draconian scorcher (Zot:1)
  A hell knight (Depths:2)
  A deep elf knight (Elf:2)
  2 wizards
  3 bloated husks
  2 tyrant leeches (Swamp:3)
  A spriggan (Swamp:3)
  An earth elemental (Elf:2)
  An orc wizard (D:14)
  An orc (D:11)
  8 foxfires (Swamp:3)
  51 fungi
  74 plants
147 creatures vanquished.

Grand Total: 2192 creatures vanquished

Notes
Turn   | Place    | Note
-------+----------+-------------------------------------------
     0 | D:1      | cojito the Palentonga Berserker began the quest for the
                  | Orb.
     0 | D:1      | Reached XP level 1. HP: 19/19 MP: 1/1
    11 | D:1      | Found a faded altar of an unknown god.
   232 | D:1      | Reached XP level 2. HP: 25/25 MP: 2/2
  1196 | D:2      | Reached XP level 3. HP: 20/31 MP: 3/3
  1373 | D:2      | Reached ** piety under Trog
  2255 | D:3      | Reached XP level 4. HP: 39/39 MP: 4/4
  2962 | D:3      | Reached skill level 4 in Fighting
  3133 | D:3      | Found an ornate altar of the Wu Jian Council.
  3167 | D:3      | Found Orchuytwu's Weapon Boutique.
  3230 | D:3      | Noticed a gnoll sergeant
  3230 | D:3      | Found the +3 woodcutter's axe {vorpal}
  3242 | D:3      | Reached XP level 5. HP: 25/44 MP: 5/5
  3885 | D:4      | Found a staircase to the Ecumenical Temple.
  4042 | D:4      | Noticed a lemure
  4045 | D:4      | Noticed a lemure
  4049 | D:4      | Noticed Pikel
  4156 | D:4      | Reached XP level 6. HP: 51/52 MP: 6/6
  4390 | D:4      | Killed Pikel
  4391 | D:4      | Reached skill level 5 in Fighting
  4391 | D:4      | Reached skill level 5 in Axes
  4391 | D:4      | Gained mutation: You curl defensively after being hit. (AC
                  | +7*) [Palentonga growth]
  4391 | D:4      | Reached XP level 7. HP: 58/60 MP: 7/7
  4737 | D:4      | Noticed Edmund
  4747 | D:4      | Killed Edmund
  4854 | D:4      | Found an ancient bone altar of Kikubaaqudgha.
  4884 | D:4      | Found a glowing golden altar of the Shining One.
  4939 | D:5      | Entered Level 5 of the Dungeon
  5009 | D:5      | Noticed Menkaure
  5013 | D:5      | Killed Menkaure
  5014 | D:5      | Reached skill level 6 in Fighting
  5014 | D:5      | Reached XP level 8. HP: 68/68 MP: 8/8
  5158 | D:5      | Found an iron altar of Okawaru.
  6289 | D:6      | Reached skill level 7 in Fighting
  6514 | D:6      | Found a sand-covered staircase.
  6672 | Ossuary  | Entered an ossuary
  6789 | Ossuary  | Reached *** piety under Trog
  6955 | Ossuary  | Reached XP level 9. HP: 77/77 MP: 9/9
  7869 | D:6      | Found a shadowy altar of Dithmenos.
  8097 | D:7      | Reached skill level 8 in Fighting
  8159 | D:7      | Found Noonossu's Magic Scroll Boutique.
  8163 | D:7      | Found a shimmering blue altar of Sif Muna.
  8167 | D:7      | Bought a scroll of identify for 24 gold pieces
  8167 | D:7      | Bought a scroll of identify for 24 gold pieces
  8167 | D:7      | Bought a scroll of enchant armour for 90 gold pieces
  8167 | D:7      | Bought a scroll of identify for 24 gold pieces
  8336 | D:7      | Found a hide-covered altar of Uskayaw.
  8338 | D:7      | Noticed a +0 hand axe
  8339 | D:7      | Noticed a +0 hand axe
  8463 | D:7      | Found Cusmih's Book Shop.
  8709 | D:7      | Reached **** piety under Trog
  9222 | D:8      | Reached skill level 5 in Dodging
  9444 | D:8      | Reached skill level 5 in Armour
  9834 | D:8      | Reached XP level 10. HP: 87/87 MP: 10/10
 10016 | D:8      | Reached skill level 9 in Fighting
 10555 | D:9      | Noticed a soul eater
 10832 | D:9      | Found a staircase to the Lair.
 11021 | D:9      | Noticed a gargoyle
 11022 | D:9      | Found a hazy altar of Hepliaklqana.
 11023 | D:9      | Found a faded altar of an unknown god.
 11031 | D:9      | Killed a gargoyle
 11314 | D:9      | Reached ***** piety under Trog
 11435 | D:9      | Found a staircase to the Orcish Mines.
 11481 | D:9      | Found a sparkling altar of Nemelex Xobeh.
 11707 | Lair:1   | Entered Level 1 of the Lair of Beasts
 11799 | Lair:1   | Reached skill level 10 in Fighting
 11799 | Lair:1   | Reached skill level 10 in Axes
 12118 | Lair:1   | Noticed a cane toad
 12128 | Lair:1   | Killed a cane toad
 12268 | Lair:1   | Noticed an oklob plant
 12716 | Lair:1   | Noticed an oklob plant
 12757 | Lair:1   | Noticed an oklob plant
 12757 | Lair:1   | Noticed an oklob plant
 12833 | Lair:1   | Reached XP level 11. HP: 70/98 MP: 11/11
 13519 | Lair:2   | Noticed Prince Ribbit
 13803 | Lair:1   | Killed Prince Ribbit
 13934 | Lair:2   | Noticed an eight-headed hydra
 13955 | Lair:2   | Killed an eight-headed hydra
 14600 | Lair:1   | Reached skill level 11 in Fighting
 16730 | Lair:2   | Noticed Harold
 16735 | Lair:2   | Killed Harold
 16779 | Lair:2   | Reached XP level 12. HP: 88/109 MP: 12/12
 17395 | Lair:3   | Reached skill level 12 in Fighting
 18011 | Lair:3   | Noticed Amaemon
 18019 | Lair:3   | Killed Amaemon
 18078 | Lair:3   | Noticed an eight-headed hydra
 18088 | Lair:3   | Killed an eight-headed hydra
 18196 | Lair:3   | Found a staircase to the Snake Pit.
 18235 | Lair:3   | Received a gift from Trog
 19083 | Snake:1  | Entered Level 1 of the Snake Pit
 19170 | Lair:4   | Noticed a four-headed hydra
 19178 | Lair:4   | Killed a four-headed hydra
 19385 | Lair:4   | Noticed an eight-headed hydra
 19414 | Lair:4   | Killed an eight-headed hydra
 20661 | Lair:4   | Reached skill level 13 in Fighting
 20760 | Lair:4   | Found a staircase to the Swamp.
 20764 | Lair:4   | Reached XP level 13. HP: 79/118 MP: 13/13
 20978 | Lair:5   | Found a viscous altar of Jiyva.
 20979 | Lair:5   | Found a staircase to the Slime Pits.
 21234 | Lair:5   | Noticed Rupert
 21248 | Lair:5   | Killed Rupert
 22405 | Lair:5   | Identified the +1 ring mail "Comap" {rElec Regen+}
 22457 | Lair:5   | Identified the +0 pair of gloves "Ruschaap" {Fly rC- rN+}
 22708 | Lair:6   | Entered Level 6 of the Lair of Beasts
 23702 | Lair:6   | Reached skill level 14 in Fighting
 23966 | Lair:6   | Reached XP level 14. HP: 23/128 MP: 14/14
 24224 | Lair:6   | Reached skill level 10 in Armour
 26182 | Lair:6   | Found a corrupted altar of Lugonu.
 26182 | Lair:6   | Found a one-way gate to the infinite horrors of the Abyss.
 26365 | D:10     | Entered Level 10 of the Dungeon
 26581 | D:7      | Bought a scroll of acquirement for 624 gold pieces
 26581 | D:7      | Acquired the +6 barding of Free Expression {rN+ Int+6}
 26689 | Orc:1    | Entered Level 1 of the Orcish Mines
 26976 | Orc:2    | Entered Level 2 of the Orcish Mines
 27174 | Orc:1    | Noticed Josephine
 27185 | Orc:1    | Killed Josephine
 27914 | Orc:2    | Reached skill level 15 in Axes
 27967 | Orc:2    | Reached skill level 15 in Fighting
 27981 | Orc:2    | Found a staircase to the Elven Halls.
 28326 | Orc:2    | Noticed an orc warlord
 28344 | Orc:2    | Killed an orc warlord
 29171 | Orc:2    | Found Allor's Antique Armour Boutique.
 29231 | Orc:2    | Found Fyplaom's Book Shop.
 29529 | Orc:2    | Found Kahoa's Antique Weapon Boutique.
 29591 | Orc:2    | Reached XP level 15. HP: 138/138 MP: 15/15
 29645 | Orc:2    | Found Giucas's General Store.
 29663 | Orc:2    | Bought an amulet of regeneration for 360 gold pieces
 30238 | D:10     | Found a snail-covered altar of Cheibriados.
 30556 | D:11     | Found Zin's Purification Station.
 30556 | D:11     | Found a glowing silver altar of Zin.
 30670 | D:11     | Found a frozen archway.
 30721 | IceCv    | Entered an ice cave
 30738 | IceCv    | Found a transporter.
 30758 | IceCv    | Found a transporter.
 31279 | D:11     | Received a gift from Trog
 31729 | D:11     | Found a runed translucent door.
 31729 | D:11     | Found a runed translucent door.
 32130 | D:11     | Identified the +9 gold dragon scales of the Clam {*Slow
                  | rPois rF+ rC+ Will+ Dex+2 Stlth+}
 33267 | D:12     | Noticed Lodul
 33275 | D:12     | Killed Lodul
 33356 | D:12     | Reached skill level 1 in Evocations
 33415 | D:12     | Reached skill level 16 in Fighting
 34105 | D:13     | Identified the +2 pair of gloves "Zuloth" {Stlth+}
 34372 | D:13     | Found a runed translucent gate.
 34373 | D:13     | Found a runed translucent gate.
 34373 | D:13     | Found an ancient bone altar of Kikubaaqudgha.
 34374 | D:13     | Found a runed translucent gate.
 34375 | D:13     | Noticed Yteof's ghost (journeyman DECj)
 34375 | D:13     | Noticed a lich
 34375 | D:13     | Noticed a lich
 34375 | D:13     | Noticed a lich
 34376 | D:13     | Noticed a lich
 34606 | D:13     | Found a gate to the Vaults.
 34684 | D:13     | Killed a lich
 34712 | D:13     | Killed a lich
 34771 | D:13     | Identified the amulet "Viasog" {Regen+ Dex+3}
 34792 | D:13     | Identified the +0 cloak of the Vaults {rC+}
 34830 | D:13     | Killed a lich
 35019 | D:13     | Killed Yteof's ghost
 35112 | D:14     | Reached XP level 16. HP: 143/148 MP: 16/16
 35167 | D:14     | Found Uzauqint's General Store.
 35184 | D:14     | Bought a scroll of teleportation for 51 gold pieces
 35305 | D:14     | Noticed Louise
 35312 | D:14     | Killed Louise
 35391 | D:14     | Noticed Kirke
 35399 | D:14     | Killed Kirke
 35501 | D:13     | Killed a lich
 35542 | D:14     | Found Nub Remn's Antique Weapon Boutique.
 35937 | D:15     | Entered Level 15 of the Dungeon
 36102 | D:15     | Found a staircase to the Depths.
 36219 | D:15     | Found Huorismo's Jewellery Boutique.
 36259 | D:15     | Reached skill level 5 in Evocations
 36358 | D:15     | Found a glowing golden altar of the Shining One.
 36826 | Swamp:1  | Entered Level 1 of the Swamp
 37011 | Swamp:1  | You fall into a shaft and drop 1 floor!
 37210 | Swamp:2  | Reached skill level 17 in Fighting
 37229 | Swamp:1  | Received a gift from Trog
 38807 | Swamp:3  | Reached XP level 17. HP: 140/157 MP: 17/17
 39286 | Swamp:4  | Entered Level 4 of the Swamp
 39762 | Swamp:3  | Paralysed by a hornet for 2 turns
 40189 | Swamp:4  | Got a decaying rune of Zot
 40627 | Elf:1    | Entered Level 1 of the Elven Halls
 40898 | Elf:1    | Found Jyfuxid's Distillery.
 40903 | Elf:1    | Bought 2 potions of heal wounds for 160 gold pieces
 40903 | Elf:1    | Bought 2 potions of might for 128 gold pieces
 40903 | Elf:1    | Bought a potion of curing for 48 gold pieces
 40903 | Elf:1    | Bought a potion of might for 64 gold pieces
 40903 | Elf:1    | Found a runed translucent door.
 40903 | Elf:1    | Noticed chopper's ghost (journeyman GnFi)
 40957 | Elf:1    | Reached skill level 18 in Fighting
 41421 | Elf:1    | Noticed Frances
 41431 | Elf:1    | Killed Frances
 41552 | Elf:1    | Identified the +2 scale mail of the Nexus {rPois Str+4}
 41612 | Elf:1    | Killed chopper's ghost
 41863 | Elf:2    | Received a gift from Trog
 42090 | Elf:2    | Found a runed translucent gate.
 42090 | Elf:2    | Found a runed translucent gate.
 42090 | Elf:2    | Found a runed translucent gate.
 42300 | Elf:2    | Reached XP level 18. HP: 167/167 MP: 18/18
 42933 | Elf:2    | Paralysed by an air elemental for 1 turns
 43074 | Elf:3    | Entered Level 3 of the Elven Halls
 43196 | Elf:3    | Paralysed by an air elemental for 1 turns
 43427 | Elf:3    | Identified the +10 hand axe "Ununamy" {venom, Int+3}
 43472 | Elf:3    | Found Eczoruso's Weapon Shoppe.
 43624 | Elf:3    | Identified the +7 war axe of Anebbipp {speed, rPois Dex+3}
 43683 | Elf:3    | Identified the ring "Amonaq" {rPois Str+6 Dex-3 SInv
                  | Stlth+}
 43707 | Elf:3    | Gained mutation: You have a somewhat thin skeletal
                  | structure. (Dex +2, Stealth+) [a cacodemon]
 43710 | Elf:3    | Received a gift from Trog
 43880 | Elf:3    | Reached skill level 10 in Evocations
 44255 | Elf:3    | Identified the +1 robe "Dealoit" {rN+ Int+4 Archmagi}
 44301 | Elf:3    | Identified the +9 falchion of Defiance {antimagic, rC+
                  | Dex+2}
 44363 | Elf:3    | Identified the ring "Boxzec" {Wiz +Blink rN+ Str-3 Int+2}
 44653 | Elf:3    | Received a gift from Trog
 44728 | Elf:1    | Reached skill level 19 in Fighting
 45039 | Snake:1  | You fall into a shaft and drop 1 floor!
 45418 | Snake:2  | Found Coanaj's Jewellery Emporium.
 45418 | Snake:2  | Found Ovomp's Book Shop.
 45419 | Snake:2  | Found Ivisoe's Book Shop.
 45438 | Snake:2  | Bought the ring of the Camelopard {rF++ rC+ rCorr} for 824
                  | gold pieces
 45639 | Snake:2  | Reached XP level 19. HP: 167/177 MP: 19/19
 45704 | Snake:2  | Reached skill level 15 in Armour
 46214 | Snake:1  | Identified the +1 pair of gloves "Numom" {Regen+}
 46303 | Snake:1  | Reached skill level 10 in Dodging
 47121 | Snake:3  | Received a gift from Trog
 47802 | Snake:4  | Entered Level 4 of the Snake Pit
 48000 | Snake:4  | Found the +2 hat of the Bear Spirit {Spirit, *Rage Will++}
 48483 | Snake:4  | Noticed Saint Roka
 48496 | Snake:4  | Killed Saint Roka
 48539 | Snake:4  | Noticed Roxanne
 48620 | Snake:4  | Noticed Nikola
 48634 | Snake:4  | Killed Nikola
 48806 | Snake:4  | Received a gift from Trog
 49029 | Snake:4  | Noticed Aizul
 49042 | Snake:4  | Killed Aizul
 49435 | Snake:4  | Reached XP level 20. HP: 187/188 MP: 20/20
 49643 | Snake:4  | Got a serpentine rune of Zot
 50009 | Vaults:1 | Entered Level 1 of the Vaults
 50400 | Vaults:1 | Reached skill level 20 in Fighting
 51216 | Vaults:1 | Received a gift from Trog
 52455 | Vaults:2 | Noticed Donald
 52462 | Vaults:2 | Killed Donald
 53088 | Vaults:3 | Reached XP level 21. HP: 196/196 MP: 21/21
 53626 | Vaults:3 | Reached ****** piety under Trog
 53752 | Vaults:3 | Received a gift from Trog
 54003 | Vaults:3 | Found a staircase to the Crypt.
 54300 | Vaults:3 | Found Boiciwn's Weapon Shoppe.
 54428 | Vaults:3 | Received a gift from Trog
 54684 | Vaults:4 | Noticed Zenata
 54693 | Vaults:4 | Killed Zenata
 54880 | Vaults:4 | Noticed Margery
 54890 | Vaults:4 | Killed Margery
 55104 | Vaults:4 | Reached skill level 21 in Fighting
 55423 | Vaults:4 | Found a crumbling gateway.
 55478 | Vaults:4 | Found Zate Deg's Book Shoppe.
 55509 | Vaults:4 | Identified the +6 battleaxe "Ynteyll" {flame, Str+3} (Trog
                  | gifted it to you on level 4 of the Vaults)
 55509 | Vaults:4 | Received a gift from Trog
 55676 | Vaults:4 | Noticed Jory
 55694 | Vaults:4 | Killed Jory
 56086 | Vaults:5 | Entered Level 5 of the Vaults
 56092 | Vaults:5 | Reached XP level 22. HP: 123/207 MP: 7/22
 56278 | Vaults:5 | Found the +8 demon blade "Leech" {vamp, Harm Drain rN+}
 56548 | Vaults:5 | Identified the +1 robe of the Untouchables {-Tele Dex+10}
 57013 | Vaults:5 | Received a gift from Trog
 57283 | Vaults:5 | Got a silver rune of Zot
 57892 | Vaults:5 | Identified the +1 robe of Noon {Fly rCorr Dex+4 Stlth-}
 58150 | Vaults:5 | Identified the +2 pair of boots of the Ten Beggars {*Slow
                  | Int+7}
 58263 | Vaults:5 | Identified the +11 battleaxe "Jellybane" {flame, Fly rF+
                  | Str+5 Int-5} (Trog gifted it to you on level 5 of the
                  | Vaults)
 58263 | Vaults:5 | Received a gift from Trog
 58494 | Vaults:5 | Noticed an ancient lich
 58505 | Vaults:5 | Killed an ancient lich
 58999 | Vaults:5 | Identified the +9 plate armour "Zisoh" {rC+}
 59275 | Depths:1 | Entered Level 1 of the Depths
 59277 | Depths:1 | Found a one-way gateway to a ziggurat.
 59303 | Depths:1 | Reached skill level 22 in Fighting
 59322 | Depths:1 | Found a flickering gateway to a bazaar.
 59350 | Bazaar   | Entered a bazaar
 59352 | Bazaar   | Found Agaizuvvos's Weapon Boutique.
 59377 | Bazaar   | Found Eriekh's Distillery.
 59449 | Bazaar   | Found Jezix's Antique Armour Shoppe.
 59498 | Bazaar   | Bought a glowing scarf for 144 gold pieces
 59498 | Bazaar   | Bought a runed scarf for 144 gold pieces
 59561 | Bazaar   | Bought a potion of haste for 140 gold pieces
 59561 | Bazaar   | Bought a potion of curing for 42 gold pieces
 59561 | Bazaar   | Bought a potion of haste for 140 gold pieces
 59561 | Bazaar   | Bought a potion of curing for 42 gold pieces
 59561 | Bazaar   | Bought a potion of resistance for 140 gold pieces
 59616 | Depths:1 | Reached skill level 15 in Evocations
 59719 | Depths:1 | Reached XP level 23. HP: 200/217 MP: 7/23
 60028 | Depths:1 | Found a one-way gate leading to the halls of Pandemonium.
 60177 | Depths:1 | Found a shimmering altar of Xom.
 60359 | Depths:1 | Found a gateway to Hell.
 60719 | Snake:2  | Bought the ring of Luuzew {Wiz rElec Dex+4} for 838 gold
                  | pieces
 61734 | Depths:2 | Identified the +2 battleaxe "Hellblazer" {vorpal, rElec
                  | rPois} (Trog gifted it to you on level 2 of the Depths)
 61734 | Depths:2 | Received a gift from Trog
 63222 | Depths:3 | Found a radiant altar of Vehumet.
 63498 | Depths:3 | Identified the +8 long sword "Suonuq" {vorpal, Contam
                  | Int+4}
 63662 | Depths:4 | Entered Level 4 of the Depths
 63768 | Depths:4 | Identified the +7 battleaxe "Baghiyf" {flame, rF++ Dex+4}
                  | (Trog gifted it to you on level 4 of the Depths)
 63768 | Depths:4 | Received a gift from Trog
 64451 | Depths:4 | Found a gate to the Realm of Zot.
 64700 | Depths:4 | Found a portal to a secret trove of treasure.
 64798 | Zot:1    | Entered Level 1 of the Realm of Zot
 64798 | Zot:1    | Noticed an ancient lich
 64798 | Zot:1    | Noticed a Killer Klown
 64798 | Zot:1    | Noticed a Killer Klown
 64800 | Zot:1    | Noticed a Killer Klown
 64801 | Zot:1    | Noticed a Killer Klown
 64804 | Zot:1    | Noticed Vv
 65005 | Zot:1    | HP: 5/219 [green draconian monk (6)]
 65030 | Zot:1    | Killed an ancient lich
 65259 | Zot:1    | Killed a Killer Klown
 65260 | Zot:1    | Reached XP level 24. HP: 213/227 MP: 7/23
 65351 | Zot:1    | Killed a Killer Klown
 65352 | Zot:1    | Reached skill level 23 in Fighting
 65382 | Zot:1    | HP: 9/226 [constriction (9)]
 65382 | Zot:1    | HP: 2/226 [storm dragon (7)]
 65383 | Zot:1    | Slain by a death cob

Illustrated notes

Levels and vault maps discovered:
D:1:      grunt_arrival_crossed_arrows, layout_basic,
          ebering_ecumenical_altar_hall
D:2:      layout_loops_ring, minmay_misc_feat_hallway, kennysheep_generic_room_8
D:3:      layout_basic, nzn_wu_jian_contemplation, serial_shops, shop,
          pf_guarded_unrand_woodcutter
D:4:      layout_basic, marbit_many_paths, kennysheep_mini_moat,
          minmay_temple_entry_overgrown, uniq_pikel, uniq_edmund
D:5:      layout_basic, mainiacjoe_overflow_small_starburst, uniq_menkaure
D:6:      layout_basic, grunt_dithmenos_smoke_and_mirrors, enter_ossuary_1
D:7:      layout_loops_corners, dancing_weapons_uskayaw,
          nicolae_sif_muna_condensation, serial_shops, shop, shop_scrolls
D:8:      layout_basic, serial_park_tiny_2, serial_bayou_pond_c
D:9:      layout_rooms, mainiacjoe_overflow_brackets,
          beargit_hepliaklqana_dungeon_heroes, david_lair_shrubbed,
          hiddenorc1_lemuel, minivault_25_ag, grunt_ministairs_3
D:10:     layout_rooms, cheibrodos_worm_habitat, special_room
          [special_room_orc], blue_anna_alchemist
D:11:     minmay_the_grid_triangle_9x9_line_8_mashed
          [minmay_the_grid_triangle_9x9_limited_checkers,
          minmay_the_grid_triangle_9x9_windchime,
          minmay_the_grid_triangle_9x9_pentomino_pain,
          minmay_the_grid_triangle_9x9_tough_junction,
          minmay_the_grid_triangle_9x9_minimal,
          minmay_the_grid_triangle_9x9_cache,
          minmay_the_grid_triangle_9x9_sparse_checkered,
          minmay_the_grid_triangle_9x9_prize_center], layout_cave_pods,
          portal_ice_cave_demonic_guard, minmay_misc_feat_encased, zin_purify
D:12:     layout_roguey, serial_park_tiny_2, uniq_lodul
D:13:     layout_rooms, erik_vaults_1, gammafunk_ghost_crypt
D:14:     kennysheep_demon_hangout, layout_cave_pools,
          nicolae_elevator_lobby_asterisk, serial_shops,
          nicolae_inconvenience_store, nicolae_shop_statue_plus, uniq_kirke,
          uniq_louise
D:15:     grunt_enter_depths_magical_seal, layout_rooms, serial_shops,
          nicolae_shop_trees, nicolae_tso_swordbearing_angel,
          hangedman_decor_opposing
Lair:1:   layout_cave_pods, disabler_island
Lair:2:   layout_long_grid, special_room [special_room_bee],
          beast_lair_carwin_7, uniq_harold, uniq_prince_ribbit2
Lair:3:   layout_regular_city, dummy_snake_entry, grunt_megastairs_3,
          uniq_amaemon
Lair:4:   wander_river, layout_cave_pods, skrybe_swamp_entry_bodies,
          lemuel_fruit_fields
Lair:5:   layout_regular_city, slime_altar_1, uniq_rupert
Lair:6:   hellmonk_lair_end_abyssal_woods, layout_gridlike, grunt_megastairs_1,
          serial_bayou_shore_b, infiniplex_staircase_pool_2
Swamp:1:  nicolae_swamp_secret_spriggan_hideout, layout_basic_swamp,
          nicolae_swamp_triple_paths
Swamp:2:  layout_basic_swamp, evilmike_swamp_ruin_house_5
Swamp:3:  layout_basic_swamp, nicolae_swamp_tree_isthmus
Swamp:4:  swamp_alternative, layout_basic_swamp
Snake:1:  layout_misc_corridors
Snake:2:  layout_cave_pods, serial_bayou_shore_a, minmay_shop_grove
Snake:3:  layout_rooms
Snake:4:  minmay_snake_end_coiled, layout_onion, uniq_aizul, uniq_nikola,
          uniq_saint_roka, uniq_roxanne
Orc:1:    nicolae_orc_accident_2, layout_caves, basic_altar, uniq_josephine
Orc:2:    pubby_orc_utopia
Elf:1:    eino_elf_arrival_the_gate, layout_geoelf_grid, serial_shops, shop,
          serial_glass, glass_columns_a, glass_columns_a,
          hellmonk_ghost_happy_afterlife, hangedman_elf_represent, uniq_frances
Elf:2:    nicolae_elf_blades_splatter_lattice [nicolae_blade_bullseye],
          layout_gridlike
Elf:3:    minmay_elf_hall_quartered_circle, layout_onion_city, serial_shops,
          nicolae_shop_statue_plus
Vaults:1: nicolae_vaults_triangles, vaults_dpeg_spiral, hangedman_vaults_slice,
          v_misc_32, vaults_room_hallway, hangedman_vaults_pinch,
          hangedman_vaults_slice, hangedman_vaults_slice, v_misc_16,
          layout_vaults_omnigrid
Vaults:2: vaults_room_semicircle, v_alt_pattern_1, nicolae_vaults_alarming,
          nicolae_vaults_halls_meeting, hangedman_vaults_stretched_pinwheel,
          v_misc_23, grunt_vaults_hallway_long, layout_vaults_maze, uniq_donald
Vaults:3: nicolae_vaults_network_quincunx
          [nicolae_vaults_network_quincunx_subvault,
          nicolae_vaults_network_quincunx_subvault,
          nicolae_vaults_network_quincunx_subvault,
          nicolae_vaults_network_quincunx_subvault,
          nicolae_vaults_network_quincunx_subvault], v_misc_29,
          minmay_crypt_entry_skeletal_spiral, nicolae_vaults_circle_grid_a,
          vaults_room_fours, nicolae_vaults_little_ls,
          nicolae_vaults_yaktaur_gun_rack, ontoclasm_vaults_spin,
          vaults_room_stairs_pillars, vaults_mumra_hex,
          ontoclasm_vaults_gateway, layout_vaults_big_cross, serial_shops,
          nicolae_shop_bloodbath_and_beyond
Vaults:4: portal_desolation_entry_nicolae_slug, nicolae_vaults_rhombus_6,
          vaults_dpeg_cross, v_pattern_5, v_misc_17, hangedman_vaults_cutoff,
          grunt_vaults_funnel, hangedman_vaults_slice,
          nicolae_vaults_ring_of_whatevers, dpeg_vaults_monster_box,
          vaults_room_semicircle, layout_vaults_big_room, serial_shops, shop,
          uniq_jory, uniq_margery, uniq_zenata
Vaults:5
Depths:1: layout_roguey, enter_ziggurat_e, lightli_too_deep, interstate_on_off,
          serial_shops, bzr_in_the_mist, rand_demon_pan_entry_7,
          brannock_xom_greatest_gift, roderic_lattice_octagonal_star
Depths:2: minmay_bubble_buster, layout_basic, hangedman_tar_grid_catacomb,
          pan_entry, abyss_entry, minmay_fountain_box, nicolae_burly_brawl
Depths:3: kennysheep_cluttered_fort, layout_honeycomb, nicolae_vehumet_radiance,
          abyss_entry, pf_vacation_house_of_asmodeus, nicolae_lava_and_water,
          infiniplex_staircase_trident
Depths:4: evilmike_zot_entry_hall, layout_cave_pools, abyss_entry_crystal,
          minmay_crystal_room, grunt_hell_entry_dis_old,
          nicolae_trove_entry_diagonal
Zot:1:    ebering_klown_carousel, layout_basic, evilmike_ambush
          [evilmike_ambush_outer_doors, evilmike_ambush_inner_pond], uniq_vv
Zot:2:    layout_onion, grunt_megastairs_4

Skill      XL: |  1  2  3  4  5  6  7  8  9 10 11 12 13 14 15 16 17 18 19 20 21 22 23 24 |
---------------+-------------------------------------------------------------------------+-----
Dodging        | 2 3 4 5 6 7 8 9 10 11 12 | 12.6
Armour         | 2 3 4 5 7 8 9 11 12 13 14 15 16 17 18 | 18.6
Fighting       | 4 5 6 7 8 10 11 13 14 15 16 17 18 19 20 21 22 23 | 23.0
Axes           | 4 5 6 7 9 10 11 13 14 15 16 17 18 19 20 21 22 | 22.9
Evocations     | 3 6 8 10 11 12 13 15 16 | 16.3

Action                   |  1- 3 |  4- 6 |  7- 9 | 10-12 | 13-15 | 16-18 | 19-21 | 22-24 || total
-------------------------+-------+-------+-------+-------+-------+-------+-------+-------++-------
Melee: Hand axe          |   105 |    60 |       |       |       |       |       |       ||   165
       Tailslap          |     8 |     3 |    33 |    47 |   182 |   234 |   270 |   272 ||  1049
       Battleaxe         |       |    41 |   282 |   456 |  1081 |  1108 |       |       ||  2968
       Dire flail        |       |       |       |    13 |       |       |       |       ||    13
       Morningstar       |       |       |       |       |    22 |    93 |       |       ||   115
       Punch             |       |       |       |       |     1 |     2 |       |       ||     3
       Executioner's axe |       |       |       |       |       |   125 |  1261 |  1167 ||  2553
Throw: Dart              |     2 |       |       |       |       |       |       |       ||     2
Invok: Berserk           |     4 |     5 |    14 |    30 |    45 |    35 |    31 |    13 ||   177
       Trog's Hand       |       |       |     5 |     9 |    21 |    11 |    10 |     8 ||    64
       Brothers in Arms  |       |       |       |     1 |     1 |       |     5 |     2 ||     9
 Abil: Rolling Charge    |     1 |     1 |     2 |       |       |     1 |       |       ||     5
Evoke: Wand              |       |       |       |    20 |     2 |       |       |       ||    22
       Condenser vane    |       |       |       |       |       |     1 |     2 |     1 ||     4
       Lightning rod     |       |       |       |       |       |       |       |     3 ||     3
       Box of beasts     |       |       |       |       |       |       |       |     2 ||     2
  Use: Potion            |     1 |       |       |    12 |     8 |     7 |     2 |    20 ||    50
       Scroll            |     4 |     2 |    12 |     8 |    18 |    16 |     5 |    12 ||    77
 Stab: Invisible         |       |       |       |     9 |       |       |       |       ||     9
       Distracted        |       |       |       |       |       |       |       |     3 ||     3
       Confused          |       |       |       |       |       |       |       |     2 ||     2
Armor: Animal skin       |     9 |       |       |       |       |       |       |       ||     9
       Ring mail         |    31 |       |       |       |       |       |       |       ||    31
       Scale mail        |    14 |    21 |       |       |       |       |       |       ||    35
       Chain mail        |       |    35 |   120 |     1 |   486 |       |       |       ||   642
       Plate armour      |       |       |       |   444 |     8 |       |       |       ||   452
       Skin              |       |       |       |       |    60 |       |       |       ||    60
       Crystal plate arm |       |       |       |       |   389 |       |       |       ||   389
       Gold dragon scale |       |       |       |       |    46 |  1832 |  1369 |  1321 ||  4568
Dodge: Dodged            |    65 |    45 |    83 |   261 |   481 |   682 |   367 |   444 ||  2428
       Repelled          |       |       |       |       |       |       |       |    11 ||    11

Table legend: (Time is in decaauts)
 A = Elapsed time spent in this place.
 B = Non-inter-level travel time spent in this place.
 C = Inter-level travel time spent in this place.
 D = Time resting spent in this place.
 E = Time spent auto-exploring this place.
 F = Levels seen in this place.
 G = Mean time per level.
                   A        B        C        D        E       F      G
               +--------+--------+--------+--------+--------+-----+--------+
         Total |  66853 |  62390 |   4463 |  13776 |  34874 |  48 | 1392.8 |
       Dungeon |  19498 |  17495 |   2003 |   2676 |  11819 |  15 | 1299.9 |
          Lair |  15819 |  14870 |    949 |   5892 |   6869 |   6 | 2636.5 |
         Swamp |   3699 |   3555 |    144 |    727 |   1750 |   4 |  924.8 |
     Snake Pit |   5104 |   4756 |    348 |    811 |   2216 |   4 | 1276.0 |
  Orcish Mines |   3476 |   3265 |    211 |    534 |   2180 |   2 | 1738.0 |
   Elven Halls |   4013 |   3823 |    190 |    396 |   2228 |   3 | 1337.7 |
        Vaults |   9124 |   8735 |    389 |   1932 |   4302 |   5 | 1824.8 |
        Depths |   4620 |   4395 |    225 |    417 |   2999 |   4 | 1155.0 |
           Zot |    562 |    562 |      0 |    298 |     50 |   2 |  281.0 |
        Bazaar |    234 |    234 |      0 |      0 |    117 |   1 |  234.0 |
       Ossuary |    524 |    524 |      0 |      0 |    342 |   1 |  524.0 |
      Ice Cave |    173 |    173 |      0 |     89 |      0 |   1 |  173.0 |
               +--------+--------+--------+--------+--------+-----+--------+

Top non-repeatable levels by time:
  Lair:1: 3682 daAuts
  Lair:6: 3074 daAuts
   Orc:2: 2910 daAuts
Vaults:5: 2905 daAuts
    D:11: 2763 daAuts
  Lair:2: 2563 daAuts
  Lair:5: 2432 daAuts
  Lair:4: 2101 daAuts
Vaults:3: 2048 daAuts
  Lair:3: 1964 daAuts
 Snake:4: 1824 daAuts
Vaults:1: 1686 daAuts
     D:9: 1643 daAuts
 Swamp:3: 1499 daAuts
   Elf:3: 1488 daAuts
